 Dungeon Crawl Stone Soup version 0.12.3 (console) character file.

9290 Lightli the Thaumaturge (level 11, -4/51 HPs)
             Began as a Spriggan Priest on July 4, 2022.
             Was a High Priest of Sif Muna.
             Hit by a large rock thrown by a cyclops (27 damage)
             ... on Level 11 of the Dungeon on July 5, 2022.
             The game lasted 00:31:41 (15090 turns).

Lightli the Thaumaturge (Spriggan Priest)          Turns: 15090, Time: 00:31:42

HP  -4/51        AC  7     Str  8      XL: 11   Next: 13%
MP   6/32        EV 25     Int 20      God: Sif Muna [*****.]
Gold 557         SH  0     Dex 16      Spells:  4 memorised, 24 levels left

Res.Fire  : . . .   See Invis. : +   v - +3,+4 demon whip (venom)
Res.Cold  : . . .   Warding    : .   b - +0 robe
Life Prot.: . . .   Conserve   : .   (shield restricted)
Res.Poison: +       Res.Corr.  : .   L - +2 wizard hat {Int+3}
Res.Elec. : .       Clarity    : .   z - +2 dwarf cloak
Sust.Abil.: . .     Spirit.Shd : .   (gloves unavailable)
Res.Mut.  : .       Stasis     : .   (boots unavailable)
Res.Rott. : .       Ctrl.Telep.: .   J - amulet of rage
Saprovore : . . .   Flight     : .   i - ring of wizardry
                                     j - ring of poison resistance

@: very quick, quite resistant to hostile enchantments, unstealthy
A: unfitting armour, see invisible, herbivore 3, speed 3, slow metabolism 2,
spit poison 2
a: Spit Poison, Channel Energy, Forget Spell, Renounce Religion, Evoke Berserk
Rage


You were on level 11 of the Dungeon.
You worshipped Sif Muna.
Sif Muna was exalted by your worship.
You were very full.

You visited 1 branch of the dungeon, and saw 11 of its levels.
You also visited: Sewer.

You collected 829 gold pieces.
You spent 270 gold pieces at shops.
You donated 22 gold pieces.

Inventory:

Hand weapons
 h - a +0,+2 orcish dagger of speed (quivered)
 t - a +1,+1 dagger
 v - a +3,+4 demon whip of venom (weapon)
Armour
 b - a +0 robe (worn)
 z - a +2 dwarven cloak (worn)
 L - a +2 wizard hat of intelligence (worn)
Magical devices
 g - a wand of digging (8)
 l - a wand of lightning (5)
 u - a wand of digging (24)
 B - a wand of teleportation (5)
 G - a wand of fire (5)
Comestibles
 k - 9 bread rations
 o - 2 apples
 M - a pear
Scrolls
 c - 3 scrolls of teleportation
 e - 5 scrolls of remove curse
 f - 3 scrolls of amnesia
 q - a scroll of recharging
 r - 2 scrolls of fog
 y - 2 scrolls of fear
 E - a scroll of enchant armour
 F - a scroll of blinking
 K - a scroll of identify
Jewellery
 i - a ring of wizardry (right hand)
 j - a ring of poison resistance (left hand)
 I - an uncursed ring of see invisible {unknown}
 J - an amulet of rage (around neck)
Potions
 a - 3 potions of curing
 m - a potion of heal wounds
 n - 2 potions of invisibility
 p - 5 potions of brilliance
 s - 4 potions of might
 w - a potion of magic
 x - 2 potions of speed
 C - a potion of flight
 D - 2 potions of restore abilities
 H - 2 potions of resistance
Books
 d - a book of Air

   Spells                             Type                      Level
   Shock                              Conjuration/Air              1
   Swiftness                          Charms/Air                   2
   Repel Missiles                     Charms/Air                   2
   Flight                             Charms/Air                   3
   Static Discharge                   Conjuration/Air              3
   Lightning Bolt                     Conjuration/Air              5
 A - a book of Party Tricks

   Spells                             Type                      Level
   *Summon Butterflies                Summoning                    1
   Apportation                        Translocation                1
   *Blink                             Translocation                2
   Alistair's Intoxication            Transmutation/Poison         4
   Tukima's Dance                     Hexes                        5


   Skills:
 - Level 2.0 Fighting
   Level 1.2 Polearms
   Level 2.1 Staves
 - Level 10.1 Dodging
 - Level 12.3 Spellcasting
 + Level 9.2 Summonings
 - Level 5.8 Invocations


You had 24 spell levels left.
You knew the following spells:

 Your Spells              Type           Power        Failure   Level  Hunger
a - Summon Butterflies    Summ           ######...    1%          1    None
b - Call Canine Familiar  Summ           ######....   1%          3    None
c - Summon Ice Beast      Ice/Summ       #####.....   3%          4    #......
d - Blink                 Tloc           N/A          3%          2    None


Dungeon Overview and Level Annotations

Branches:
Dungeon (11/27)            Temple (0/1) D:7             Orc (0/4) D:6
   Lair: D:8-13

Altars:
Fedhas
Kikubaaqudgha
Nemelex Xobeh
Sif Muna
Zin

Shops:
D:9: /

Annotations
D:7 Eustachio
Abyss:1 Edmund


Innate Abilities, Weirdness & Mutations

You are tiny and cannot use many weapons and most armour.
You have supernaturally acute eyesight.
You are a herbivore.
You cover ground extremely quickly.
You need consume almost no food.
You can spit moderately strong poison.


Message History

The giant goldfish is severely wounded.
Your ice beast barely misses the giant goldfish.
Your ice beast hits the giant goldfish.
Your ice beast freezes the giant goldfish!
The giant goldfish dies!
Your ice beast looks stronger.
No target in view!
You start resting.
A cyclops comes into view.
Casting: Summon Ice Beast
Confirm with . or Enter, or press ? or * to list all spells.
A chill wind blows around you.
The cyclops throws a large rock.
The large rock hits you!
Casting: Summon Ice Beast
Confirm with . or Enter, or press ? or * to list all spells.
A chill wind blows around you.
Your ice beast hits the cyclops but does no damage.
The cyclops throws a large rock.
The large rock hits you!
Ouch! That really hurt!
You die...

........#.......# #......
........#.......# #......
........#.......## #......
........#........# #....[.
........#........##########......
................%................
.###########......###############
.# #...I..# .≈≈##P# .# .
##...@###.≈≈..# .#
.P≈≈#......#I≈≈≈$##.P .#
P..P≈≈≈.....I.I≈I≈≈.?.# ## .#
..≈≈≈≈#....%C#I≈≈≈..... #. .#
P.≈≈.###...%###.≈≈..#. #. .#
#.≈≈≈ #......# ≈≈≈.#.. #. .# ..≈
≈........≈≈≈≈.... #. .#
P≈≈≈#......#≈≈≈≈... #. .#
.###....###.≈≈P. #.


You could see a cyclops and friendly 4 ice beasts.

Vanquished Creatures
  Grinder (D:4)
  A hippogriff (D:5)
  2 yaks (D:9)
  A manticore (D:9)
  2 ogres
  An ice beast (D:9)
  2 phantoms
  6 centaurs
  A slave (D:8)
  A troll skeleton (D:7)
  A warg (D:6)
  Sigmund (D:3)
  A big kobold (Sewer)
  A crocodile (D:7)
  3 giant frogs
  2 giant frog skeletons (D:4)
  A jellyfish (D:8)
  A killer bee zombie (D:6)
  4 crimson imps
  4 hounds
  A crocodile skeleton (D:8)
  3 orc priests
  A hound skeleton (D:5)
  2 scorpions
  4 worker ants
  11 orc wizards
  4 iguanas
  A sheep (D:11)
  Terence (D:3)
  7 gnolls
  A green rat (Sewer)
  3 white imps (D:8)
  4 adders
  2 giant mites
  5 worms
  2 ufetubi
  5 grey rats (Sewer)
  A bat skeleton (D:5)
  7 giant geckos
  2 oozes (Sewer)
  25 orcs
  7 ball pythons
  7 giant cockroaches
  5 goblins
  6 hobgoblins
  14 kobolds
  3 quokkas
  11 bats
  5 giant newts
  A giant spore (D:6)
  A quokka skeleton (D:4)
  A quokka zombie (D:6)
  14 rats
  5 ballistomycetes
209 creatures vanquished.

Vanquished Creatures (collateral kills)
  Gastronok (D:11)
  A hydra (D:11)
  Pikel (D:8)
  A hill giant (D:10)
  A guardian serpent (D:9)
  Joseph (D:8)
  A polar bear (D:8)
  2 hill giant skeletons (D:9)
  2 trolls (D:11)
  A wyvern (D:9)
  4 hippogriffs
  4 yaks (D:9)
  A manticore (D:8)
  3 orc warriors
  2 slaves (D:8)
  2 ice beasts
  A komodo dragon skeleton (D:9)
  A phantom (D:9)
  2 giant goldfish (D:11)
  3 ogres
  A giant frog (D:11)
  A wolf (D:8)
  A centaur skeleton (D:9)
  2 jellyfish (D:8)
  A hippogriff simulacrum (D:8)
  A crimson imp (D:8)
  A goliath beetle (D:10)
  2 orc priests
  An iguana (D:11)
  4 orc wizards
  3 sheep (D:11)
  A jelly (D:9)
  An adder (D:8)
  A giant centipede simulacrum (D:8)
  An ufetubus (D:8)
  10 orcs
  A bat (D:11)
  A quokka (D:11)
69 creatures vanquished.

Vanquished Creatures (others)
  14 war dogs
  An orc warrior (D:6)
  7 ice beasts
  A centaur (D:6)
  An ogre (D:4)
  2 wargs (D:9)
  5 wolves
  A crimson imp (D:7)
  18 hounds
  An orc wizard (D:6)
  2 worker ants
  A giant eyeball (D:8)
  2 oozes
  A goblin (D:2)
  33 jackals
  A quokka (D:5)
  A giant spore (D:9)
  2 kobolds
  2 rats
96 creatures vanquished.

Grand Total: 374 creatures vanquished

Notes
Turn   | Place    | Note
--------------------------------------------------------------
     0 | D:1      | Lightli, the Spriggan Priest, began the quest for the Orb.
     0 | D:1      | Reached XP level 1. HP: 11/11 MP: 3/3
   810 | D:2      | Reached XP level 2. HP: 13/15 MP: 6/6
  1789 | D:2      | Reached XP level 3. HP: 13/18 MP: 9/9
  2232 | D:3      | Acquired Zin's second power
  2283 | D:3      | Noticed Terence
  2284 | D:3      | Reached skill level 5 in Dodging
  2313 | D:3      | Killed Terence
  2313 | D:3      | Reached skill level 1 in Polearms
  2370 | D:3      | Noticed an orc wizard
  2676 | D:3      | Killed an orc wizard
  2676 | D:3      | Reached XP level 4. HP: 23/23 MP: 12/12
  2702 | D:3      | Found a deep blue altar of Sif Muna.
  2760 | D:3      | Noticed an orc wizard
  2760 | D:3      | Noticed an orc wizard
  3001 | D:3      | Killed an orc wizard
  3001 | D:3      | Reached skill level 6 in Dodging
  3002 | D:3      | Killed an orc wizard
  3002 | D:3      | Reached XP level 5. HP: 26/26 MP: 14/14
  3206 | D:3      | Noticed Sigmund
  3375 | D:4      | Noticed an ogre
  3461 | D:4      | Reached skill level 7 in Dodging
  3592 | D:4      | Found a blossoming altar of Fedhas.
  3749 | D:4      | Reached skill level 8 in Dodging
  3790 | D:4      | Reached XP level 6. HP: 27/31 MP: 17/17
  3793 | D:4      | Noticed an ogre
  3794 | D:4      | Banished an ogre
  3847 | D:4      | Reached skill level 9 in Dodging
  4119 | D:4      | Acquired Zin's third power
  4152 | D:4      | Killed an ogre
  4152 | D:4      | Reached skill level 10 in Dodging
  4243 | D:5      | Entered Level 5 of the Dungeon
  4482 | D:5      | Reached XP level 7. HP: 35/35 MP: 19/19
  4546 | D:5      | Noticed a hippogriff
  4598 | D:5      | Learned a level 1 spell: Summon Butterflies
  4710 | D:5      | Killed a hippogriff
  5010 | D:5      | Found a glowing drain.
  5045 | Sewer    | Entered a sewer
  5111 | Sewer    | Reached skill level 5 in Spellcasting
  5644 | D:6      | Found a staircase to the Orcish Mines.
  5714 | D:6      | Reached XP level 8. HP: 39/39 MP: 23/23
  5717 | D:6      | Reached skill level 1 in Summonings
  5955 | D:6      | Learned a level 3 spell: Call Canine Familiar
  6166 | D:6      | Found an ancient bone altar of Kikubaaqudgha.
  6301 | D:3      | Fell from the grace of Zin
  6301 | D:3      | Became a worshipper of Sif Muna the Loreminder
  6524 | D:3      | Killed Sigmund
  6540 | D:3      | Noticed Grinder
  6659 | D:4      | Paralysed by Grinder for 2 turns
  6664 | D:4      | Killed Grinder
  7050 | D:6      | Found a glowing silver altar of Zin.
  7116 | D:6      | Acquired Sif Muna's first power
  7288 | D:7      | Found a sparkling altar of Nemelex Xobeh.
  7340 | D:7      | Reached skill level 5 in Summonings
  7346 | D:7      | Reached XP level 9. HP: 43/43 MP: 25/25
  7846 | D:7      | Noticed Edmund
  7857 | D:7      | Banished Edmund
  8197 | D:7      | Noticed Eustachio
  8440 | D:7      | Acquired Sif Muna's second power
  8545 | D:7      | Found a staircase to the Ecumenical Temple.
  8837 | D:8      | Found a deep blue altar of Sif Muna.
  8837 | D:8      | Noticed Pikel
  8947 | D:8      | Paralysed by a giant eyeball for 3 turns
  9426 | D:8      | Noticed Joseph
  9473 | D:8      | Killed Joseph
  9780 | D:8      | Killed Pikel
  9920 | D:8      | Reached XP level 10. HP: 13/47 MP: 26/28
 11204 | D:9      | Gained mutation: You can spit poison. [potion of mutation]
 11204 | D:9      | Gained mutation: You can spit moderately strong poison. [potion of mutation]
 11300 | D:9      | Reached skill level 10 in Spellcasting
 11309 | D:9      | Acquired Sif Muna's third power
 11669 | D:9      | Learned a level 4 spell: Summon Ice Beast
 11713 | D:9      | Noticed a guardian serpent
 12498 | D:9      | Noticed a guardian serpent
 12816 | D:9      | Found Ytel's Magical Wand Boutique.
 12820 | D:9      | Bought a wand of teleportation (5) for 270 gold pieces
 12925 | D:9      | Reached skill level 11 in Spellcasting
 13058 | D:9      | Killed a guardian serpent
 13430 | D:10     | Entered Level 10 of the Dungeon
 13532 | D:10     | Noticed a hill giant
 13543 | D:10     | Killed a hill giant
 13931 | D:10     | Reached skill level 12 in Spellcasting
 14454 | D:11     | Learned a level 2 spell: Blink
 14578 | D:11     | Noticed Gastronok
 14659 | D:11     | Killed Gastronok
 14659 | D:11     | Reached skill level 5 in Invocations
 14659 | D:11     | Reached XP level 11. HP: 51/51 MP: 7/32
 14679 | D:11     | Noticed a four-headed hydra
 14701 | D:11     | Killed a four-headed hydra
 15086 | D:11     | Noticed a cyclops
 15090 | D:11     | Hit by a large rock thrown by a cyclops

Action                   |  1- 3 |  4- 6 |  7- 9 | 10-12 || total
-------------------------+-------+-------+-------+-------++-------
Melee: Quarterstaff      |    38 |       |       |       ||    38
       Spear             |    46 |    83 |   568 |       ||   697
       Demon whip        |       |       |    24 |   197 ||   221
Throw: Dagger            |       |       |     2 |     1 ||     3
 Cast: Call Canine Famil |       |       |    44 |    98 ||   142
       Summon Ice Beast  |       |       |       |    33 ||    33
       Blink             |       |       |       |     2 ||     2
Invok: Channel Energy    |       |       |       |     1 ||     1
 Abil: Spit Poison       |       |       |       |     1 ||     1
Evoke: Wand              |       |       |     1 |     2 ||     3
  Use: Scroll            |     3 |     6 |    20 |    12 ||    41
       Potion            |       |     6 |     3 |     2 ||    11
 Stab: Sleeping          |     2 |     1 |     6 |     1 ||    10
       Distracted        |       |     2 |     1 |     2 ||     5
